 Dungeon Crawl Stone Soup version 0.22.1-2-g9c5b331 (webtiles) character file.

135 Fang the Skirmisher (level 5, 0/34 HPs)
             Began as a Gargoyle Berserker on Nov 19, 2018.
             Was a Believer of Trog.
             Slain by a gnoll
             ... wielding a +0 flail
              (5 damage)
             ... on level 2 of the Dungeon.
             The game lasted 00:02:05 (2040 turns).

Fang the Skirmisher (Gargoyle Berserker)            Turns: 2040, Time: 00:02:06

Health: 0/34       AC:  6    Str: 22    XL:     5   Next: 18%
Magic:  5/5        EV: 12    Int:  7    God:    Trog [**....]
Gold:   135        SH:  0    Dex:  9    Spells: 4/4 levels left

rFire    . . .     SeeInvis .   a - +0 hand axe
rCold    . . .     Gourm    .   (no shield)
rNeg     + . .     Faith    .   b - +0 animal skin
rPois    ∞         Spirit   .   (no helmet)
rElec    +         Reflect  .   f - scarf {cloud immunity}
rCorr    .         Harm     .   (no gloves)
MR       .....                  (no boots)
Stlth    +.........             (no amulet)
HPRegen  0.11/turn              (no ring)
MPRegen  0.09/turn              (no ring)

@: berserk cooldown, slowed, very slow
A: negative energy resistance 1, electricity resistance, unbreathing,
petrification resistance, rot immunity, AC +4
a: Berserk, Trog's Hand, Renounce Religion


You were on level 2 of the Dungeon.
You worshipped Trog.
Trog was pleased with you.
You were hungry.

You visited 1 branch of the dungeon, and saw 2 of its levels.

You collected 135 gold pieces.

Inventory:

Hand Weapons
 a - a +0 hand axe (weapon)
Armour
 b - a +0 animal skin (worn)
 f - a scarf of cloud immunity (worn)
Scrolls
 d - a scroll of amnesia {unknown}
 e - a scroll of blinking {unknown}
 j - a scroll of identify {unknown}
 l - a scroll of fear {unknown}
Potions
 g - a potion of curing {unknown}
 h - a potion of brilliance {unknown}
 i - 2 potions of agility {unknown}
 k - a potion of heal wounds {unknown}
Comestibles
 c - 4 rations
 m - 2 chunks of flesh


   Skills:
 + Level 4.5 Fighting
 + Level 3.8 Axes
 + Level 2.3 Armour
 + Level 2.3 Dodging
 + Level 0.2 Stealth


You had 4 spell levels left.
You didn't know any spells.
Your spell library was empty.

Dungeon Overview and Level Annotations

Branches:
Dungeon (2/15)

Altars:


Innate Abilities, Weirdness & Mutations

You are resistant to torment.
Your stone body is resilient. (AC +4)
You are immune to poison.
You resist negative energy. (rN+)
You are resistant to electric shocks. (rElec)
You can survive without breathing.
You are immune to petrification.
You are immune to rotting.


Message History

The gnoll completely misses you.
The gnoll shouts!
You slash the gnoll!
You kill the gnoll!
Trog accepts your kill.
You feel a strong urge to attack something.
A gnoll comes into view. It is wielding a flail.
You feel your anger nearly subside.
You are no longer berserk.
You are exhausted.
You feel yourself slow down.
You hit the gnoll but do no damage. The gnoll hits you but does no damage.
The gnoll completely misses you.
You hit the gnoll but do no damage. The gnoll closely misses you. x2
You hit the gnoll but do no damage. The gnoll barely misses you.
You hit the gnoll but do no damage. You hit the gnoll.
The gnoll barely misses you. The gnoll hits you with a flail!
* * * LOW HITPOINT WARNING * * *
A worm comes into view.
The gnoll misses you. The gnoll hits you with a flail.
You die...

...# ##. #.#.###. .#.##.#
..................#.#
#..........#.#.......
#....#...... .....#.#
####....###..w###....#.#
................gg..##.###.#
.......#)##....@...........
...........(................
...#.#...).(.†.......#.# .#
#.##.#..(.............# ..
#.##.......(.............
.###...........(.......#....
.#..........#.#####..### /..
.#.####.......# #..# ..
...####.####..# #...# .


You could see a worm (wandering) and 2 gnolls.

Vanquished Creatures
  A scorpion (D:2)
  3 gnolls
  2 adders (D:2)
  A dart slug (D:1)
  3 leopard geckos
  4 bats
  A giant cockroach (D:1)
  4 goblins
  8 hobgoblins
  3 kobolds
  A ball python (D:1)
  6 rats
37 creatures vanquished.

Notes
Turn   | Place    | Note
-------+----------+-------------------------------------------
     0 | D:1      | Fang the Gargoyle Berserker began the quest for the Orb.
     0 | D:1      | Reached XP level 1. HP: 14/14 MP: 1/1
   314 | D:1      | Reached XP level 2. HP: 19/19 MP: 2/2
   938 | D:1      | Reached XP level 3. HP: 24/24 MP: 3/3
  1419 | D:1      | Reached skill level 4 in Fighting
  1640 | D:2      | Noticed a scorpion
  1654 | D:2      | Killed a scorpion
  1654 | D:2      | Reached XP level 4. HP: 13/29 MP: 4/4
  1821 | D:2      | Reached ** piety under Trog
  1928 | D:2      | Reached XP level 5. HP: 7/34 MP: 5/5
  2040 | D:2      | Slain by a gnoll

Skill      XL: |  1  2  3 |
---------------+----------+-----
Axes           | 3 |  3.8
Dodging        | 2 |  2.3
Fighting       | 4 |  4.5
Armour         | |  2.3
Stealth        | |  0.2

Action                   |  1- 3 |  4- 6 || total
-------------------------+-------+-------++-------
Melee: Hand axe          |    72 |    38 ||   110
Invok: Berserk           |     2 |     2 ||     4
  Eat: Chunk             |     2 |     1 ||     3
       Ration            |       |     1 ||     1
Armor: Animal skin       |    23 |    13 ||    36
Dodge: Dodged            |    43 |    33 ||    76
